 Dungeon Crawl Stone Soup version 0.31-a0-358-gac0dbeb3ab (webtiles) character file.

Game seed: 16745997558843156282

1509 AdnanSaban the Cudgeller (level 8, -2/50 HPs)
             Began as a Gargoyle Fighter on July 25, 2023.
             Slain by an orc warrior
             ... wielding a +0 battleaxe
              (11 damage)
             ... on level 9 of the Dungeon.
             The game lasted 00:06:46 (5220 turns).

AdnanSaban the Cudgeller (Gargoyle Fighter)         Turns: 5220, Time: 00:06:47

Health: -2/50      AC: 16    Str: 23    XL:     8   Next: 83%
Magic:  8/8        EV: 15    Int:  8    God:
Gold:   331        SH:  4    Dex:  9    Spells: 7/7 levels left

rFire   . . .        a - +0 flail
rCold   . . .        c - +0 buckler
rNeg    + . .        b - +0 scale mail
rPois   ∞            (no helmet)
rElec   +            (no cloak)
rCorr   .            A - +2 pair of gloves
SInv    .            (no boots)
Will    .....        (no amulet) Stlth
                     u - +5 ring of evasion
HPRegen 0.28/turn    (no ring)
MPRegen 0.11/turn

%: no passive effects
@: no status effects
A: sickness immunity, AC +5, negative energy resistance 1, electricity
resistance, torment resistance 1, petrification resistance
a: no special abilities


You were on level 9 of the Dungeon.
You visited 1 branch of the dungeon, and saw 7 of its levels.

You collected 331 gold pieces.

Inventory:

Hand Weapons
 a - a +0 flail (weapon)
 k - a +0 morningstar
Missiles
 r - 10 poisoned darts (quivered)
Armour
 b - a +0 scale mail (worn)
 c - a +0 buckler (worn)
 A - a +2 pair of gloves (worn)
Jewellery
 u - a +5 ring of evasion (left hand)
 z - an amulet of magic regeneration
Wands
 x - a wand of mindburst (17)
 y - a wand of flame (16)
Scrolls
 e - 3 scrolls of teleportation {unknown}
 f - 3 scrolls of immolation
 h - 2 scrolls of amnesia {unknown}
 l - 2 scrolls of summoning {unknown}
 m - a scroll of fear {unknown}
 p - 4 scrolls of identify {unknown}
 q - a scroll of acquirement {unknown}
 s - 2 scrolls of enchant armour {unknown}
Potions
 d - a potion of might
 g - 2 potions of curing {unknown}
 i - a potion of berserk rage {unknown}
 j - a potion of brilliance {unknown}
 n - 3 potions of heal wounds {unknown}
 o - 3 potions of magic {unknown}
 t - a potion of invisibility {unknown}
 v - 2 potions of mutation {unknown}
 w - a potion of haste {unknown}
 B - a potion of attraction {unknown}


   Skills:
 + Level 5.5 Fighting
 + Level 7.3 Maces & Flails
 + Level 1.9 Throwing
 + Level 6.3 Armour
 + Level 2.2 Dodging
 + Level 4.4 Shields


You had 7 spell levels left.
You didn't know any spells.
Your spell library contained the following spells:

 Spells                   Type           Power      Damage    Failure   Level
 Slow                     Hex            0%         N/A       77%         1
 Call Canine Familiar     Summ           0%         N/A       98%         3
 Confusing Touch          Hex            0%         N/A       98%         3
 Portal Projectile        Hex/Tloc       0%         N/A       98%         3
 Vampiric Draining        Necr           0%         2d6       98%         3
 Leda's Liquefaction      Hex/Erth       0%         N/A       100%        4


Dungeon Overview and Level Annotations

Branches:
Dungeon (6/15)
 Temple: D:4-7

Altars:
Ashenzari
Cheibriados
Fedhas
Hepliaklqana
Zin

Annotations:
D:3 1 runed translucent door, EiAlmux's ghost, amateur DECj


Innate Abilities, Weirdness & Mutations

You are immune to sickness and miasma.
Your stone body is resilient. (AC +5)
You are immune to poison.
You resist negative energy. (rN+)
You are resistant to electric shocks. (rElec)
You are resistant to unholy torment.
You are immune to petrification.


Message History

You thump the orc priest!
You kill the orc priest!
The orc warrior hits you with a +0 battleaxe!
* * * LOW HITPOINT WARNING * * *
The orc warrior completely misses you.
Things that are here:
a +0 flail; an orc corpse You barely miss the orc warrior.
The orc warrior is moderately wounded.
The orc warrior closely misses you.
You barely miss the orc warrior.
The orc warrior is moderately wounded.
The orc warrior misses you.
You sock the orc warrior!
The orc warrior is severely wounded.
The orc warrior closely misses you.
You closely miss the orc warrior.
The orc warrior is severely wounded.
The orc warrior hits you with a +0 battleaxe.
* * * LOW HITPOINT WARNING * * *
You hit the orc warrior but do no damage.
The orc warrior is severely wounded.
The orc warrior hits you with a +0 battleaxe!
* * * LOW HITPOINT WARNING * * *
You hit the orc warrior.
The orc warrior is almost dead.
The orc warrior completely misses you.
You barely miss the orc warrior.
The orc warrior is almost dead.
The orc warrior closely misses you.
You closely miss the orc warrior.
The orc warrior is almost dead.
The orc warrior barely misses you.
You closely miss the orc warrior.
The orc warrior is almost dead.
The orc warrior barely misses you.
You hit the orc warrior but do no damage.
The orc warrior is almost dead.
The orc warrior hits you with a +0 battleaxe!
You die...

######### #.......#
#.#####.# #########
#.#####.###.)......
#.##...o@.).##.....
#........####


.oo #........# . #.^#.#.#.# #..#...#.# #..##..#.# #......#.# ##.......#
####.#### You could see an orc warrior.

Vanquished Creatures
  Grinder (D:4)
  Eustachio (D:5)
  2 black bears (D:6)
  Pargi (D:4)
  2 ogres (D:5)
  A phantom (D:5)
  A gnoll sergeant (D:5)
  A scorpion (D:6)
  A hound (D:4)
  A jelly (D:5)
  An orc priest (D:9)
  An iron imp (D:5)
  A sleepcap (D:4)
  2 iguanas
  3 orc wizards
  8 gnolls
  5 adders
  A white imp (D:5)
  An ufetubus (D:6)
  3 worms
  3 dart slugs (D:2)
  11 orcs
  7 endoplasms
  2 giant cockroaches
  2 goblins
  7 hobgoblins
  3 quokkas
  6 ball pythons
  8 bats
  2 frilled lizards
  13 kobolds
  6 rats
108 creatures vanquished.

Notes
Turn   | Place    | Note
-------+----------+-------------------------------------------
     0 | D:1      | AdnanSaban the Gargoyle Fighter began the quest for the
                  | Orb.
     0 | D:1      | Reached XP level 1. HP: 14/14 MP: 1/1
   167 | D:1      | Reached XP level 2. HP: 8/19 MP: 2/2
   730 | D:2      | Reached XP level 3. HP: 17/24 MP: 3/3
  1027 | D:2      | Reached skill level 3 in Maces & Flails
  1108 | D:2      | Reached XP level 4. HP: 29/29 MP: 4/4
  1121 | D:2      | Found a glowing silver altar of Zin.
  1331 | D:3      | Found a glowing silver altar of Zin.
  1873 | D:3      | Found a runed translucent door.
  1874 | D:3      | Found a faded altar of an unknown god.
  1875 | D:3      | Noticed EiAlmux's ghost (amateur DECj)
  2018 | D:3      | Reached XP level 5. HP: 28/33 MP: 5/5
  2343 | D:4      | Found a blossoming altar of Fedhas.
  2343 | D:4      | Identified the +3 hand axe "Jyst" {freeze, *Noise rC+ rCorr
                  | Stlth+}
  2380 | D:4      | Reached skill level 4 in Maces & Flails
  2476 | D:4      | Noticed Grinder
  2482 | D:4      | Paralysed by Grinder for 3 turns
  2508 | D:4      | Paralysed by Grinder for 3 turns
  2532 | D:4      | Killed Grinder
  2533 | D:4      | Reached skill level 1 in Dodging
  2533 | D:4      | Reached XP level 6. HP: 33/39 MP: 6/6
  2602 | D:4      | Reached skill level 5 in Maces & Flails
  2718 | D:4      | Noticed Pargi
  2750 | D:4      | Killed Pargi
  2751 | D:4      | Reached XP level 7. HP: 9/44 MP: 7/7
  3117 | D:4      | Found a broken altar of Ashenzari.
  3190 | D:5      | Entered Level 5 of the Dungeon
  3202 | D:5      | Reached skill level 1 in Throwing
  3202 | D:5      | Reached skill level 5 in Armour
  3493 | D:5      | Reached skill level 6 in Maces & Flails
  3984 | D:5      | Found a snail-covered altar of Cheibriados.
  3995 | D:5      | Reached XP level 8. HP: 46/48 MP: 8/8
  4073 | D:5      | Noticed Eustachio
  4088 | D:5      | Killed Eustachio
  4089 | D:5      | Reached skill level 5 in Fighting
  4212 | D:5      | Found a hazy altar of Hepliaklqana.
  4841 | D:5      | Reached skill level 7 in Maces & Flails
  5144 | D:6      | You fall into a shaft and drop 3 floors!
  5220 | D:9      | Slain by an orc warrior

Illustrated notes

Levels and vault maps discovered:
D:1:      onia_arrival_pyramid, layout_loops_ring
D:2:      layout_basic, basic_altar, st_stairs_9
D:3:      layout_loops_corners, mainiacjoe_overflow_brackets,
          ebering_ecumenical_altar_sacrificial, ebering_ghost_inner_flame
D:4:      layout_basic, amcnicky_altar_gilded,
          mainiacjoe_overflow_surrounded_room, nicolae_figureground_sparkle,
          uniq_pargi, uniq_grinder
D:5:      layout_loops_ring, slow_altar_2, worldfamousw_hep_ancestral_shrine,
          uniq_eustachio
D:6:      cheibrodos_thug_alley, layout_basic, serial_shops, nicolae_shop_stone,
          minmay_misc_feat_rugged
D:9:      layout_loops_cross, nicolae_overflow_squiral,
          lemuel_coloured_pillars_altar, david_orc_3

Skill      XL: |  1  2  3  4  5  6  7  8 |
---------------+-------------------------+-----
Maces & Flails | 3 4 5 6 7 |  7.3
Armour         | 4 5 6 |  6.3
Fighting       | 4 5 |  5.5
Dodging        | 1 2 |  2.2
Throwing       | 1 |  1.9
Shields        | 4 |  4.4

Action                     |  1- 3 |  4- 6 |  7- 9 || total
---------------------------+-------+-------+-------++-------
  Melee: Flail             |   100 |   174 |   216 ||   490
  Throw: Dart              |       |    10 |    17 ||    27
 Armour: Scale mail        |    59 |   127 |    80 ||   266
  Dodge: Dodged            |    55 |   104 |   130 ||   289
  Block: Buckler           |    21 |    37 |    40 ||    98

Table legend: (Time is in decaauts)
 A = Elapsed time spent in this place.
 B = Non-inter-level travel time spent in this place.
 C = Inter-level travel time spent in this place.
 D = Time resting spent in this place.
 E = Time spent auto-exploring this place.
 F = Levels seen in this place.
 G = Mean time per level.
                   A        B        C        D        E       F      G
               +--------+--------+--------+--------+--------+-----+--------+
         Total |   5318 |   5176 |    142 |    405 |   3697 |   7 |  759.7 |
       Dungeon |   5318 |   5176 |    142 |    405 |   3697 |   7 |  759.7 |
               +--------+--------+--------+--------+--------+-----+--------+

Top non-repeatable levels by time:
     D:5: 1411 daAuts
     D:3: 1039 daAuts
     D:4: 869 daAuts
     D:1: 717 daAuts
     D:2: 641 daAuts
     D:6: 562 daAuts
     D:9: 77 daAuts
